Unix NetHack Version 5.0.0-0 post-release - last build May 22 2026 02:22:16 (99d1c3b6dc4b13757aaa5824b55bdea4e1e63757,branch:main).

Game began 2026-05-22 04:04:58, ended 2026-05-22 04:39:50.

Brudee, lawful female human Tourist

                          ---------------------------------
                          ........v).............)........|
                          ..{.....--------|------....----.|
                          ........-..|...|..|[%*|....|..|.|
                          ........| .|...|..|![.-.---|..|.|
                          |.-----.---|...---|)..|.|..|.%|.|
                          | |%!.|....-|---  |----.|..||--.|
                            |%%.-........|  |. |..--|-....|
                          | -----..-----.--+|..-.......)..|
                          |........|//.|....|----.--|-..{.|
                          |  --|--.|//.-....-...|.|..|....|
                             |...|.--------^|...|.|..||--.|
                             |(((|..|..|  +.|._.|.|..|. |.|
                             |(((|..|..   |.|...|.---|. |.|
                          |  -----..-|-----.-----....----.|
                          |...............................|
                          ---------------------------------

Brudee the Excursionist     St:13 Dx:10 Co:16 In:12 Wi:11 Ch:15  Lawful S:2314
Dlvl:8  $:849 HP:0(51) Pw:21(21) AC:-1 Xp:6/476 T:1736  Burdened

Latest messages:
 The owlbear hits!
 You are being crushed.
 What do you want to read? [ekrsuyzACEFH-LOPSW-Y or ?*] I
 As you read the scroll, it disappears.
 What type of monster do you want to genocide? Owlbear
 Wiped out all owlbears.
 You don't have enough gold to buy the item on your bill.
 You don't have enough gold to buy the item on your bill.
 j - 2 white gems                                    2134 zorkmids
 What do you want to drop? [$a-zA-HJ-QS-Z or ?*] j
 You drop 2 white gems (unpaid, 2134 zorkmids).
 You have a little trouble lifting p - 2 +4 darts (at the ready) (9 in total).
 It won't come off the hinges.
 You swap places with the peaceful watchman.
 You see here 2 arrows.
 You have a little trouble lifting I - 2 arrows.
 What do you want to drop? [$a-ik-zA-QS-Z or ?*] i
 You drop an uncursed sprig of wolfsbane.
 What do you want to drop? [$a-hk-zA-QS-Z or ?*] I
 You drop 2 arrows.
 You have a little trouble lifting i - an uncursed sprig of wolfsbane.
 You hear crashing rock.
 The ice vortex misses!
 The ice vortex misses!
 What do you want to use or apply? [m-osvBEHM-P or ?*] m
 In what direction? h
 The flash of light shines on the ice vortex.
 The ice vortex engulfs you!
 You are freezing to death!
 In what direction? l
 The dart hits the ice vortex!
 You are freezing to death!
 In what direction? h
 The dart hits the ice vortex!
 You are freezing to death!
 In what direction? l
 The dart hits the ice vortex!
 You are freezing to death!
 You are freezing to death!
 You get expelled!
 In what direction? l
 The dart misses the ice vortex.
 The ice vortex engulfs you!
 You are freezing to death!
 In what direction? l
 The dart hits the ice vortex!
 You are freezing to death!
 You die...
 Do you want your possessions identified? [ynq] (y) y
 Do you want to see your attributes? [ynq] (y) q

Inventory:
 Coins    ('$')
  $ - 849 gold pieces
 Amulets  ('"')
  c - a blessed amulet of reflection
  V - a cursed amulet of strangulation
 Weapons  (')')
  p - 4 +4 darts (at the ready)
 Armor    ('[')
  a - a cursed -1 helm of opposite alignment
  t - an uncursed +2 orcish helm (being worn)
  x - an uncursed +0 pair of gauntlets of dexterity
  Q - an uncursed +0 pair of water walking boots
  l - an uncursed +3 Hawaiian shirt with a ukulele motif (being worn)
  T - a cursed +0 elven mithril-coat (being worn)
 Comestibles  ('%')
  d - 4 uncursed food rations
  i - an uncursed sprig of wolfsbane
  b - 4 uncursed tripe rations
 Scrolls  ('?')
  K - a blessed scroll of amnesia
  A - 2 uncursed scrolls of charging
  z - 2 uncursed scrolls of confuse monster
  X - an uncursed scroll of confuse monster
  C - a cursed scroll of confuse monster
  L - an uncursed scroll of create monster
  J - a cursed scroll of create monster
  W - a blessed scroll of destroy armor
  e - an uncursed scroll of food detection
  F - a cursed scroll of light
  k - 3 uncursed scrolls of magic mapping
  S - an uncursed scroll of punishment
  Y - an uncursed scroll of remove curse
  r - an uncursed scroll of scare monster
  u - an uncursed scroll of scare monster
  y - an uncursed scroll of scare monster
 Spellbooks  ('+')
  E - an uncursed spellbook of cancellation
  P - an uncursed spellbook of magic missile
  s - an uncursed spellbook of protection
  H - an uncursed spellbook of sleep
  O - an uncursed spellbook of wizard lock
 Potions  ('!')
  w - an uncursed potion of blindness
  h - an uncursed potion of fruit juice
  U - a blessed potion of healing
  G - an uncursed potion of healing
  q - an uncursed potion of paralysis
  D - an uncursed potion of sickness
  g - a cursed potion of speed
  f - an uncursed potion of water
 Rings    ('=')
  Z - a cursed ring of aggravate monster
 Wands    ('/')
  v - a wand of light (0:11)
  M - a wand of locking (0:7)
  N - a wand of secret door detection (0:14)
 Tools    ('(')
  B - a fire horn (0:7)
  n - an uncursed credit card
  m - an expensive camera (0:65)
  o - an uncursed towel

Brudee the Tourist's attributes:

Background:
 You were an Excursionist, a level 6 female human Tourist.
 You were lawful, belatedly on a mission for Blind Io
 who was opposed by The Lady (neutral) and Offler (chaotic).
 You started out neutral.
 You were right-handed.
 You were in the Gnomish Mines, on level 8.
 You entered the dungeon 1736 turns ago.
 It was nighttime.
 You had 476 experience points, 164 more were needed to attain level 7.
 Your score was 2314 before end-of-game adjustments.

Basics:
 You had 0 out of 51 hit points.
 You had all 21 energy points (spell power).
 Your armor class was -1.
 Your wallet contained 849 zorkmids.
 Autopickup was on for '$!=+?/"' plus thrown.

Final Characteristics:
 Your strength was 13 (limit:18/100).
 Your dexterity was 10 (limit:18).
 Your constitution was 16 (limit:18).
 Your intelligence was 12 (limit:18).
 Your wisdom was 11 (limit:18).
 Your charisma was 15 (limit:18).

Final Status:
 You were engulfed by the ice vortex.
 You weren't hungry.
 You were burdened; movement was slightly slowed.
 You were bare handed.
 You were unskilled in bare handed combat.

Final Attributes:
 You were devoutly aligned.
 You were telepathic.
 You were guarded.
 You were unlucky.
 You are dead.

Miscellaneous:
 You didn't encounter any bones levels.
 Total elapsed playing time was 34 minutes and 50 seconds.

Major events:
 Turn
    1: Brudee the neutral female human Tourist entered the dungeon
  447: attained the rank of Sightseer (level 3)
  605: read a Discworld novel
  608: stole 5266 zorkmids worth of merchandise from Kesh's second-hand bookstore
  811: stole 4423 zorkmids worth of merchandise from Tuktoyaktuk's general store
 1163: entered the Gnomish Mines
 1241: attained the rank of Excursionist (level 6)
 1293: reached Mine Town
 1687: performed her first genocide (owlbears)
 1736: killed by an ice vortex

You didn't know any spells.

Skills:
 Fighting Skills
   bare handed combat [Unskilled]
   two weapon combat  [Unskilled]
   riding             [Unskilled]
 Weapon Skills
   dagger             [Unskilled]
   knife              [Unskilled]
   axe                [Unskilled]
   pick-axe           [Unskilled]
   short sword        [Unskilled]
   broadsword         [Unskilled]
   long sword         [Unskilled]
   two-handed sword   [Unskilled]
   saber              [Unskilled]
   mace               [Unskilled]
   morning star       [Unskilled]
   flail              [Unskilled]
   hammer             [Unskilled]
   quarterstaff       [Unskilled]
   polearms           [Unskilled]
   spear              [Unskilled]
   trident            [Unskilled]
   lance              [Unskilled]
   bow                [Unskilled]
   sling              [Unskilled]
   crossbow           [Unskilled]
   dart               [Basic]
   shuriken           [Unskilled]
   boomerang          [Unskilled]
   whip               [Unskilled]
   unicorn horn       [Unskilled]
 Spellcasting Skills
   divination spells  [Unskilled]
   enchantment spells [Unskilled]
   escape spells      [Unskilled]

Voluntary challenges:
 Character rerolling was not enabled.
 You genocided 1 type of monster.
 You never polymorphed an object.
 You never changed form.
 You used no wishes.
Achievements:
 You attained the rank of Sightseer.
 You entered a shop.
 You read from a Discworld novel.
 You entered the Gnomish Mines.
 You attained the rank of Excursionist.
 You entered Minetown.
 You entered a temple.

 The Dungeons of Doom: levels 1 to 5
    Level 1:
       A fountain.
    Level 2:
       A scroll shop, an altar to Blind Io, a fountain.
    Level 3:
       A general store.
    Level 4:
       An armor shop.
       Stairs down to The Gnomish Mines.
    Level 5:
       A fountain.
 The Gnomish Mines: levels 5 to 8
    Level 5:
    Level 6:
    Level 7:
    Level 8: <- You were here.
       Many shops, a temple and an altar, some fountains.
       Final resting place for
          you, killed by an ice vortex.


Vanquished creatures:
  a small mimic
 an owlbear
  a shrieker
  4 gnome leaders
  a gnomish wizard
  a kobold mummy
  a straw golem
  a little dog
  2 floating eyes
  a kobold leader
  a hill orc
  a Kop Sergeant
 an orc zombie
  a dwarf zombie
  a coyote
  a hobbit
  a cave spider
  a green mold
  6 gnomes
  8 Keystone Kops
  a gnome zombie
  a fox
  2 goblins
  2 grid bugs
  a lichen
  3 kobold zombies
  4 newts
50 creatures vanquished.

Genocided species:
 owlbears
1 species genocided.

Game over:
                       ----------
                      /          \
                     /    REST    \
                    /      IN      \
                   /     PEACE      \
                  /                  \
                  |      Brudee      |
                  |      849 Au      |
                  | killed by an ice |
                  |      vortex      |
                  |                  |
                  |                  |
                  |       2026       |
                 *|     *  *  *      | *
        _________)/\\_//(\/(/\)/\//\/|_)_______

Aloha Brudee the Tourist...

You died in The Gnomish Mines on dungeon level 8 with 2314 points,
and 849 pieces of gold, after 1736 moves.
You were level 6 with a maximum of 51 hit points when you died.

